cohdb
Replays
Latest Replays
All Replays
Popular Replays
Top Player Replays
Match Explorer
How It Works
Community
CoH3 Stats
Reddit
Sign in to upload your games and track your stats! →
Sign in with Steam
Match 47053838
Unlisted
Match 47053838
Overview
Messages
Build Orders
End
Panzerpioneer Squad
250 Light Carrier
250 Light Carrier
Construct Light Support Kompanie
MG34 Team
Construct Mechanized Kompanie
Panzergrenadier Squad
Support Armor Elements
Panzerjäger Mechanized Group
StuG III D Assault Gun
StuG III D Assault Gun
Vehicle Survival Package
Construct Panzerarmee Kommand
Emergency Repair Kits
Panzerjäger Mechanized Group
Walking Stuka Rocket Launcher
Selects Italian Infantry
Selects Defensive Operations
Selects Prepared Positions
Selects Obice 305mm Barrage
Armored Reserves
Marder III Tank Destroyer
Selects Guastatori Squad
Guastatori Squad
Obice 305mm Barrage
Tiger Heavy Tank
Obice 305mm Barrage
Moonmyung
Herr Stiglitz
RNG_Makes_Me_Mad
Angpang
iceman
★Colonel-zuvyna★
自殺大雞巴
duimianshisb
0
0
Comments
sign in to comment!
No comments posted yet!